 Dungeon Crawl Stone Soup version 0.30-a0-883-g5ad918d (webtiles) character file.

Game seed: 879118110126777499

13757 Illumine the Conjurer (level 11, 0/86 HPs)
             Began as a Demigod Earth Elementalist on Mar 15, 2023.
             Slain by an orc knight
             ... wielding a +0 battleaxe
              (25 damage)
             ... on level 1 of the Orcish Mines.
             The game lasted 00:32:11 (15007 turns).

Illumine the Conjurer (Demigod Earth Elementalist) Turns: 15007, Time: 00:32:11

Health: 0/86       AC:  5    Str:  9    XL:     11   Next: 51%
Magic:  1/24       EV: 14    Int: 32    God:
Gold:   295        SH:  5    Dex: 14    Spells: 1/22 levels left

rFire   x . .      SeeInvis +    G - staff of conjuration
rCold   + . .      Faith    .    (no shield)
rNeg    . . .      Spirit   .    a - +0 robe
rPois   .          Reflect  +    D - +1 helmet {Int+3}
rElec   .          Rampage  .    B - +0 cloak
rCorr   .                        (no gloves)
Will    +....                    (no boots)
Stlth   ++                       k - amulet of reflection
HPRegen 0.34/turn                y - ring of see invisible
MPRegen 0.19/turn                E - ring of ice

@: about to teleport
A: high MP 1, forlorn, divine attributes
a: no special abilities


You were on level 1 of the Orcish Mines.
You visited 2 branches of the dungeon, and saw 11 of its levels.
You also visited: Bailey.

You collected 608 gold pieces.
You spent 313 gold pieces at shops.

Inventory:

Hand Weapons
 A - a +1 morningstar of holy wrath
 Q - a +2 halberd of electrocution
Missiles
 e - 10 poisoned darts
 J - a throwing net
Armour
 a - a +0 robe (worn)
 h - +0 acid dragon scales
 B - a +0 cloak (worn)
 D - a +1 helmet of intelligence (worn)
Magical Staves
 w - a staff of cold
 G - a staff of conjuration (weapon)
Jewellery
 c - an amulet of the acrobat
 k - an amulet of reflection (around neck)
 y - a ring of see invisible (left hand)
 E - a ring of ice (right hand)
 R - the Hermit's Pendant {Faith Invo=14 Evo=0 MP+5}
   (You found it on level 10 of the Dungeon)

   [amulet of faith]

   Invo=14: It sets your Invocations skill to 14.
   Evo=0: It sets your Evocations skill to 0.
   It allows you to gain divine favour quickly.
   MP:        It affects your magic capacity (+5).
 T - an amulet of regeneration
Wands
 r - a wand of polymorph (22)
 s - a wand of iceblast (6)
 K - a wand of acid (9)
 L - a wand of paralysis (6)
Scrolls
 d - 2 scrolls of amnesia
 f - 3 scrolls of poison
 i - a scroll of fog {unknown}
 l - a scroll of teleportation
 m - 2 scrolls of vulnerability {unknown}
 q - a scroll of blinking
 u - 3 scrolls of magic mapping
 v - a scroll of fear {unknown}
 x - 2 scrolls of enchant weapon
 z - 3 scrolls of immolation
 C - a scroll of brand weapon {unknown}
 M - 2 scrolls of noise {unknown}
 S - a scroll of torment {unknown}
Potions
 b - 3 potions of magic
 g - 4 potions of curing
 j - 3 potions of brilliance {unknown}
 n - 3 potions of heal wounds
 o - 4 potions of might
 p - a potion of degeneration {unknown}
 t - 3 potions of attraction {unknown}
 F - 3 potions of flight {unknown}
 H - 2 potions of ambrosia {unknown}
 I - 3 potions of cancellation {unknown}
 O - 3 potions of haste {unknown}
 P - 8 potions of mutation {unknown}
Miscellaneous
 N - a condenser vane


   Skills:
 + Level 5.0 Fighting
 - Level 0.6(2.1) Polearms
 + Level 3.2(3.3) Staves
 + Level 5.5 Dodging
 - Level 1.7 Stealth
 + Level 6.4 Spellcasting
 + Level 6.7 Conjurations
 - Level 6.2 Hexes
 - Level 5.0 Summonings
 - Level 1.4 Translocations
 - Level 0.8 Transmutations
 - Level 6.0 Ice Magic
 + Level 2.4 Air Magic
 - Level 5.0 Earth Magic
 - Level 4.0 Evocations


You had one spell level left.
You knew the following spells:

 Your Spells              Type           Power      Damage    Failure   Level
a - Sandblast             Erth           84%        2d18      1%          1
b - Stone Arrow           Conj/Erth      100%       3d13      1%          3
c - Cause Fear            Hex            25%        N/A       3%          4
d - Apportation           Tloc           38%        N/A       2%          1
e - Hailstorm             Conj/Ice       86%        3d17      1%          3
f - Summon Ice Beast      Ice/Summ       62%        N/A       4%          4
g - Arcjolt               Conj/Air       28%        1d38      19%         5

Your spell library contained the following spells:

 Spells                   Type           Power      Damage    Failure   Level
 Freeze                   Ice            100%       1d10      1%          1
 Magic Dart               Conj           100%       1d8       1%          1
 Summon Small Mammal      Summ           100%       N/A       1%          1
 Necrotise                Necr           40%        1d6       4%          1
 Call Imp                 Summ           42%        N/A       1%          2
 Passwall                 Tmut/Erth      24%        N/A       1%          2
 Inner Flame              Hex/Fire       30%        N/A       3%          3
 Mephitic Cloud           Conj/Pois/Air  44%        N/A       3%          3
 Cigotuvi's Dreadful Rot  Necr/Pois/Air  30%        N/A       4%          2
 Poisonous Vapours        Pois/Air       36%        N/A       4%          2
 Vhi's Electric Charge    Tloc/Air       44%        N/A       6%          3
 Petrify                  Tmut/Erth      29%        N/A       13%         4
 Manifold Assault         Tloc           19%        N/A       24%         4
 Yara's Violent Unravell  Hex/Tmut       16%        3d8       28%         5
 Conjure Ball Lightning   Conj/Air       28%        3x3d8     71%         6
 Enfeeble                 Hex            25%        N/A       96%         7
 Dispersal                Tloc           9%         N/A       98%         6
 Discord                  Hex            25%        N/A       100%        8
 Disjunction              Tloc           9%         N/A       100%        8
 Maxwell's Capacitive Co  Air            12%        ∞         100%        8


Dungeon Overview and Level Annotations

Branches:
Dungeon (10/15)            Temple (0/1) D:7            Lair (0/5) D:8
    Orc (1/2) D:10         Bailey (visited)

Shops:
D:3 [*!([   D:5 (=*   D:8 ?   Orc:1 (


Innate Abilities, Weirdness & Mutations

You have an increased reservoir of magic. (+10% MP)
You shall have no god before yourself.
Your divine heritage dramatically boosts your attributes as you level up.


Message History

The orc knight is severely wounded.
The orc knight completely misses you.
Casting: Stone Arrow (safe; 1% risk of failure)
Confirm with . or Enter, or press ? or * to list all spells.
Aiming: Stone Arrow (safe; 1% risk of failure)
Press: ? - help, Shift-Dir - straight line, f/p - orc knight
Aim: an orc knight, wielding a +0 glaive and wearing a +0 chain mail (severely wounded, 75% to hit)
You feel a surge of power!
The stone arrow misses the orc knight.
The orc knight hits you from afar with a +0 glaive!
Unknown command.
Casting: Stone Arrow (safe; 1% risk of failure)
Confirm with . or Enter, or press ? or * to list all spells.
Aiming: Stone Arrow (safe; 1% risk of failure)
Press: ? - help, Shift-Dir - straight line, f/p - orc knight
Aim: an orc knight, wielding a +0 glaive and wearing a +0 chain mail (severely wounded, 75% to hit)
You feel a surge of power!
The stone arrow hits the orc knight!
The orc knight is almost dead.
An orc knight comes into view. It is wielding a +0 battleaxe.
The orc knight hits you from afar with a +0 glaive!
Casting: Stone Arrow (safe; 1% risk of failure)
Confirm with . or Enter, or press ? or * to list all spells.
Aiming: Stone Arrow (safe; 1% risk of failure)
Press: ? - help, Shift-Dir - straight line, f/p - orc knight
Aim: an orc knight, wielding a +0 glaive and wearing a +0 chain mail (almost dead, 75% to hit)
You feel a surge of power!
The stone arrow hits the orc knight.
The orc knight is almost dead.
The orc knight hits you from afar with a +0 glaive!!
* * * LOW HITPOINT WARNING * * *
Casting: Stone Arrow (safe; 1% risk of failure)
Confirm with . or Enter, or press ? or * to list all spells.
Aiming: Sandblast (safe; 1% risk of failure)
Press: ? - help, Shift-Dir - straight line, f/p - orc knight
Aim: an orc knight, wielding a +0 glaive and wearing a +0 chain mail (almost dead, 83% to hit)
The blast of sand hits the orc knight!
You kill the orc knight!
Unknown command.
As you read the scroll of teleportation, it crumbles to dust.
You feel strangely unstable. You block the orc wizard's attack.
The orc knight hits you with a +0 battleaxe!!
You die...

.. #.# .∩#########.#
#.≈≈≈##.##.##
#§[≈§.......####
#≈≈≈§§.........##
#≈≈§§§#....##)..#
##.§)####.####.##
#...## ### ##.##
##.@## ###...##
#.oo#. ##.#..<.#
#...)..# #......####
#........##.#....#.#
.........#.......#..
##....#.......)......
.....##........##...
....h###.....###.....
#......##......


You could see an orc knight, a warg (wandering) and an orc wizard (strong).

Vanquished Creatures
  3 two-headed ogres
  An orc high priest (Orc:1)
  Pikel (D:6)
  3 orc knights (Orc:1)
  Joseph (D:8)
  A kobold demonologist (D:8)
  A komodo dragon (D:10)
  2 trolls
  2 hornets (D:9)
  Sigmund (D:4)
  A shadow (D:9)
  6 wyverns
  9 yaks
  3 vampire mosquitoes (D:10)
  2 steam dragons
  Menkaure (D:7)
  An acid dragon (D:9)
  Edmund (D:4)
  3 water moccasins
  4 orc warriors
  An ice beast (D:6)
  6 sky beasts
  3 ogres
  4 centaurs
  2 lemures (D:6)
  3 kobold brigands
  2 bullfrogs
  Blork the orc (D:5)
  3 scorpions
  3 wights (D:7)
  12 killer bees
  8 howler monkeys
  An electric eel (D:7)
  3 orc priests
  2 gnoll boudas
  3 hounds
  3 jellies
  A sleepcap (D:7)
  3 iguanas
  7 orc wizards
  10 adders
  29 gnolls
  2 white imps
  A worm (D:4)
  12 dart slugs
  44 orcs
  7 endoplasms
  3 giant cockroaches
  14 hobgoblins
  2 jackals (D:1)
  A quokka (D:5)
  7 ball pythons
  5 bats
  A frilled lizard (D:2)
  8 goblins
  18 kobolds
  9 rats
291 creatures vanquished.

Vanquished Creatures (others)
  6 fungi (D:8)
  8 plants
14 creatures vanquished.

Grand Total: 305 creatures vanquished

Notes
Turn   | Place    | Note
-------+----------+-------------------------------------------
     0 | D:1      | Illumine the Demigod Earth Elementalist began the quest for
                  | the Orb.
     0 | D:1      | Reached XP level 1. HP: 14/14 MP: 5/5
   327 | D:1      | Reached XP level 2. HP: 20/20 MP: 4/7
  1193 | D:2      | Reached XP level 3. HP: 20/26 MP: 3/9
  1327 | D:2      | Learned a level 3 spell: Stone Arrow
  1572 | D:3      | Found Pueqocyh's Antique Armour Shop.
  1673 | D:3      | Found Bumeo's Distillery.
  1673 | D:3      | Found Pydghior's General Store.
  1681 | D:3      | Bought a potion of curing for 30 gold pieces
  1692 | D:3      | Bought a scroll of identify for 22 gold pieces
  1717 | D:3      | Found Qauryzie's Antique Weapon Emporium.
  1907 | D:3      | Reached XP level 4. HP: 33/33 MP: 9/11
  1950 | D:3      | Reached skill level 1 in Conjurations
  2196 | D:3      | Found Geuptyn's Armour Emporium.
  2357 | D:4      | Noticed Edmund
  2604 | D:4      | Saw a vision of the Shoals and the Spider Nest.
  2604 | D:4      | Noticed a harpy
  2604 | D:4      | Noticed a harpy
  2604 | D:4      | Noticed a merfolk
  2604 | D:4      | Noticed a sea snake
  2604 | D:4      | Noticed a sea snake
  2604 | D:4      | Noticed a merfolk aquamancer
  2604 | D:4      | Noticed a wind drake
  2604 | D:4      | Noticed a boulder beetle
  2604 | D:4      | Noticed a tarantella
  2604 | D:4      | Noticed a tarantella
  2604 | D:4      | Noticed a culicivora
  2604 | D:4      | Noticed a jumping spider
  2604 | D:4      | Noticed a demonic crawler
  2604 | D:4      | Noticed an entropy weaver
  2604 | D:4      | Noticed a tarantella
  2605 | D:4      | Noticed a redback
  2605 | D:4      | Noticed a water elemental
  2605 | D:4      | Noticed a culicivora
  2605 | D:4      | Noticed a wind drake
  2765 | D:4      | Reached skill level 1 in Evocations
  2765 | D:4      | Reached XP level 5. HP: 38/38 MP: 8/12
  3134 | D:4      | Noticed Sigmund
  3137 | D:4      | Killed Sigmund
  3138 | D:4      | Reached XP level 6. HP: 45/45 MP: 3/14
  3219 | D:4      | Learned a level 4 spell: Cause Fear
  3284 | D:4      | Got the Encyclopedia of the Hills
  3326 | D:5      | Entered Level 5 of the Dungeon
  3449 | D:5      | Noticed an angel
  3450 | D:5      | Noticed a balrug
  3535 | D:5      | Found Plog's Jewellery Shop.
  3543 | D:5      | Found Wos Hink's General Store.
  3550 | D:5      | Reached skill level 1 in Hexes
  3768 | D:5      | Bought a scroll of identify for 30 gold pieces
  3854 | D:5      | Learned a level 1 spell: Apportation
  3935 | D:5      | Reached XP level 7. HP: 27/50 MP: 2/16
  4120 | D:5      | Found Pujen's Antique Weapon Boutique.
  4239 | D:5      | Reached skill level 1 in Translocations
  4496 | D:5      | Learned a level 3 spell: Hailstorm
  4746 | D:5      | Noticed Blork the orc
  4752 | D:5      | Killed Blork the orc
  4753 | D:5      | Reached skill level 1 in Ice Magic
  5220 | D:6      | Reached skill level 5 in Earth Magic
  5312 | D:6      | Reached XP level 8. HP: 57/57 MP: 10/17
  5494 | D:6      | Noticed Pikel
  5506 | D:6      | Killed Pikel
  5507 | D:6      | Reached skill level 1 in Fighting
  6378 | D:7      | Learned a level 4 spell: Summon Ice Beast
  6408 | D:7      | Reached XP level 9. HP: 62/67 MP: 0/19
  6566 | D:7      | Reached skill level 1 in Summonings
  6621 | D:7      | Reached skill level 5 in Hexes
  6817 | D:4      | Killed Edmund
  7293 | D:7      | Found a staircase to the Ecumenical Temple.
  7657 | D:7      | Reached skill level 5 in Conjurations
  7788 | D:7      | Reached skill level 5 in Spellcasting
  7789 | D:7      | Noticed Menkaure
  8107 | D:7      | Killed Menkaure
  8282 | D:3      | Bought a +1 helmet of intelligence for 231 gold pieces
  8416 | D:8      | Found Mihuiluxt's Magic Scroll Shop.
  8798 | D:7      | HP: 1/103 [wyvern (9)]
  9073 | D:8      | Noticed a kobold demonologist
  9087 | D:8      | Killed a kobold demonologist
  9205 | D:8      | Noticed Joseph
  9212 | D:8      | Killed Joseph
  9213 | D:8      | Reached XP level 10. HP: 75/77 MP: 3/21
  9214 | D:8      | Reached skill level 5 in Ice Magic
  9666 | D:8      | Found a staircase to the Lair.
 10702 | D:9      | Reached skill level 1 in Staves
 11693 | D:10     | Entered Level 10 of the Dungeon
 11793 | D:10     | Found a flagged portal.
 11895 | Bailey   | Entered a bailey
 12725 | D:10     | Found the Hermit's Pendant {Faith Invo=14 Evo=0 MP+5}
 12937 | D:10     | Learned a level 5 spell: Arcjolt
 12964 | D:10     | Found a staircase to the Orcish Mines.
 13050 | D:10     | Reached XP level 11. HP: 84/84 MP: 14/24
 13301 | D:10     | Noticed a two-headed ogre
 13306 | D:10     | Killed a two-headed ogre
 13920 | D:10     | Reached skill level 5 in Dodging
 13920 | D:10     | Reached skill level 5 in Summonings
 13999 | Orc:1    | Entered Level 1 of the Orcish Mines
 14008 | Orc:1    | Noticed an orc knight
 14009 | Orc:1    | Noticed an orc knight
 14010 | Orc:1    | Found Caen's Weapon Shop.
 14011 | Orc:1    | Noticed an orc high priest
 14012 | Orc:1    | Noticed an orc high priest
 14017 | Orc:1    | Noticed a deep troll
 14017 | Orc:1    | Noticed a two-headed ogre
 14018 | Orc:1    | Noticed an orc knight
 14019 | Orc:1    | Killed an orc knight
 14020 | Orc:1    | Reached skill level 1 in Air Magic
 14081 | Orc:1    | Noticed a two-headed ogre
 14084 | Orc:1    | Killed a two-headed ogre
 14101 | Orc:1    | Noticed an orc knight
 14285 | Orc:1    | Noticed an orc knight
 14299 | Orc:1    | Killed an orc knight
 14305 | Orc:1    | Noticed an orc knight
 14430 | Orc:1    | Noticed a soul eater
 14432 | Orc:1    | Killed an orc high priest
 14530 | D:10     | Killed a two-headed ogre
 14531 | D:10     | Reached skill level 5 in Fighting
 15004 | Orc:1    | Noticed an orc knight
 15006 | Orc:1    | Killed an orc knight
 15007 | Orc:1    | Slain by an orc knight

Illustrated notes

Levels and vault maps discovered:
D:1:      co_arrival_square_in_a_square_in_a_square, layout_basic,
          chequers_jeans, serial_bayou_ford_a
D:2:      layout_basic, basic_altar
D:3:      layout_basic, nicolae_dithmenos_through_a_glass_darkly, serial_shops,
          shop_statue, shop, nicolae_diamond_shop, nicolae_shop_waterfront,
          nicolae_shop_stone
D:4:      layout_gridville, grunt_ashenzari_visionary
          [grunt_ashenzari_visionary_shoals, grunt_ashenzari_visionary_spider],
          minmay_misc_feat_x, sigmund_edmund_badplayer
D:5:      layout_basic, grunt_temple_overflow_order_and_chaos_2,
          marbit_many_paths, serial_shops, nicolae_inconvenience_store,
          hangedman_abyss_or_decor_stabs, corner_web_ring, grunt_ministairs_10,
          nicolae_wooded_promenade, uniq_blork_the_orc
D:6:      layout_basic, gammafunk_temple_overflow_forgotten,
          hangedman_abyss_or_decor_lesser_grid, uniq_pikel
D:7:      kennysheep_slugbush, layout_basic,
          minmay_temple_entry_enclosed_plants, uniq_menkaure
D:8:      layout_rooms, nicolae_wu_jian_wuxing_cycle,
          mainiacjoe_overflow_boulevard, minmay_lair_entry_grove, serial_shops,
          nicolae_stop_n_shop_1, minmay_crossroads, uniq_joseph
D:9:      layout_basic, mainiacjoe_overflow_paths, mainiacjoe_overflow_24_doors
D:10:     layout_loops_ring, orc_0_dummy, serial_glass, glass_columns_b,
          glass_columns_b, enter_bailey_4
Orc:1:    layout_diamond_mine, guppyfry_orc_lava_fort

Skill      XL: |  1  2  3  4  5  6  7  8  9 10 11 |
---------------+----------------------------------+-----
Spellcasting   | 2 3 4 5 6 |  6.4
Earth Magic    | 3 4 5 |  5.0
Conjurations   | 1 3 4 5 6 |  6.7
Evocations     | 1 3 4 |  4.0
Hexes          | 2 3 4 5 6 |  6.2
Translocations | 1 |  1.4
Ice Magic      | 2 4 5 6 |  6.0
Fighting       | 1 3 4 5 |  5.0
Dodging        | 2 3 4 5 |  5.5
Summonings     | 3 4 5 |  5.0
Staves         | 1 3 |  3.2
Air Magic      | 2 |  2.4
Polearms       | |  0.6
Stealth        | |  1.7
Transmutations | |  0.8

Action                     |  1- 3 |  4- 6 |  7- 9 | 10-12 || total
---------------------------+-------+-------+-------+-------++-------
  Melee: Rapier            |       |     7 |       |       ||     7
         Staff             |       |       |     6 |     2 ||     8
         Dire flail        |       |       |     6 |    19 ||    25
   Cast: Sandblast         |    62 |    61 |    71 |     3 ||   197
         Stone Arrow       |       |    18 |   117 |   164 ||   299
         Hailstorm         |       |       |    13 |    12 ||    25
         Cause Fear        |       |       |     2 |     1 ||     3
         Arcjolt           |       |       |       |     2 ||     2
         Summon Ice Beast  |       |       |       |     1 ||     1
  Evoke: Wand              |       |       |     2 |       ||     2
    Use: Scroll            |     4 |     4 |     2 |     8 ||    18
         Potion            |       |       |     6 |       ||     6
 Armour: Robe              |       |     1 |    29 |    17 ||    47
         Skin              |       |       |    14 |       ||    14
  Dodge: Dodged            |    16 |    31 |    95 |    70 ||   212
  Block: Other             |     5 |    11 |    36 |    28 ||    80
         Reflection        |     1 |     4 |     7 |     1 ||    13

Table legend: (Time is in decaauts)
 A = Elapsed time spent in this place.
 B = Non-inter-level travel time spent in this place.
 C = Inter-level travel time spent in this place.
 D = Time resting spent in this place.
 E = Time spent auto-exploring this place.
 F = Levels seen in this place.
 G = Mean time per level.
                   A        B        C        D        E       F      G
               +--------+--------+--------+--------+--------+-----+--------+
         Total |  15150 |  14333 |    817 |   3807 |   8494 |  12 | 1262.5 |
       Dungeon |  14145 |  13330 |    815 |   3579 |   7947 |  10 | 1414.5 |
  Orcish Mines |    379 |    377 |      2 |    130 |    130 |   1 |  379.0 |
        Bailey |    625 |    625 |      0 |     98 |    417 |   1 |  625.0 |
               +--------+--------+--------+--------+--------+-----+--------+

Top non-repeatable levels by time:
     D:7: 2123 daAuts
     D:9: 1972 daAuts
    D:10: 1846 daAuts
     D:5: 1696 daAuts
     D:6: 1648 daAuts
     D:4: 1418 daAuts
     D:1: 1045 daAuts
     D:3: 975 daAuts
     D:8: 924 daAuts
  Bailey: 625 daAuts
     D:2: 495 daAuts
   Orc:1: 379 daAuts
